 Dungeon Crawl Stone Soup version 0.31-a0-441-g867994ef1c (webtiles) character file.

Game seed: 9387365326994504920

1869 horus123 the Protected (level 9, -1/75 HPs)
             Began as a Hill Orc Fighter on Aug 3, 2023.
             Was a Believer of Uskayaw.
             Slain by a yak (13 damage)
             ... on level 6 of the Dungeon.
             The game lasted 00:10:33 (4767 turns).

horus123 the Protected (Hill Orc Fighter)           Turns: 4767, Time: 00:10:33

Health: -1/75      AC: 14    Str: 21    XL:     9   Next: 13%
Magic:  9/9        EV:  7    Int: 10    God:    Uskayaw [**....]
Gold:   395        SH: 12    Dex: 10    Spells: 7/8 levels left

rFire   . . .        a - +0 war axe
rCold   . . .        n - +3 kite shield
rNeg    . . .        o - +0 chain mail
rPois   .            (no helmet)
rElec   .            (no cloak)
rCorr   .            k - +2 pair of gloves
SInv    .            (no boots)
Will    .....        (no amulet) Stlth
                     (no ring)
HPRegen 0.32/turn    (no ring)
MPRegen 0.11/turn

%: no passive effects
@: no status effects
A: no striking features
a: Renounce Religion, Stomp, Line Pass


You were on level 6 of the Dungeon.
You worshipped Uskayaw.
Uskayaw was noncommittal.
You visited 1 branch of the dungeon, and saw 6 of its levels.

You collected 395 gold pieces.

Inventory:

Hand Weapons
 a - a +0 war axe (weapon)
 c - a +0 battleaxe
Armour
 b - a +0 scale mail
 k - a +2 pair of gloves (worn)
 n - a +3 kite shield (worn)
 o - a +0 chain mail (worn)
 r - a +0 troll leather armour
Wands
 s - a wand of charming (13)
 t - a wand of mindburst (18)
Scrolls
 d - 2 scrolls of revelation
 e - a scroll of teleportation
 f - a scroll of enchant armour
 g - a scroll of poison {unknown}
 h - 3 scrolls of blinking
 i - 2 scrolls of amnesia
 q - a scroll of fog
Potions
 j - a potion of magic
 l - 2 potions of enlightenment {unknown}
 m - a potion of brilliance {unknown}
 p - a potion of attraction {unknown}


   Skills:
 - Level 6.0 Fighting
 - Level 4.1 Axes
 - Level 9.4 Armour
 - Level 6.0 Shields
 + Level 4.8 Earth Magic


You had 7 spell levels left.
You knew the following spells:

 Your Spells              Type           Power      Damage    Failure   Level
a - Sandblast             Erth           18%        2d7       52%         1

Your spell library contained the following spells:

 Spells                   Type           Power      Damage    Failure   Level
 Passwall                 Tmut/Erth      3%         N/A       94%         2
 Stone Arrow              Conj/Erth      8%         3d7       99%         3


Dungeon Overview and Level Annotations

Branches:
Dungeon (6/15)             Temple (0/1) D:4

Altars:
Elyvilon
Uskayaw


Message History

The yak is heavily wounded.
You block the yak's attack.
The yak snorts and paws the ground.
You block the yak's attack.
You barely miss the yak.
The yak is heavily wounded.
The yak gores you!
* * * LOW HITPOINT WARNING * * *
You hit the yak but do no damage.
The yak is heavily wounded.
The yak barely misses you. You block the yak's attack.
You hit the yak.
The yak is severely wounded.
The yak barely misses you.
You slash the yak!
The yak is almost dead.
The yak gores you but does no damage. The yak gores you!
* * * LOW HITPOINT WARNING * * *
You can now pass through a line of other dancers.
You hit the yak.
The yak is almost dead.
The yak barely misses you.
You hit the yak.
The yak is almost dead.
The yak gores you.
* * * LOW HITPOINT WARNING * * *
You hit the yak.
You kill the yak!
The yak gores you but does no damage.
You hit the yak.
The yak is lightly wounded.
The yak gores you but does no damage.
You completely miss the yak.
The yak is lightly wounded.
You block the yak's attack. The yak barely misses you.
You barely miss the yak.
The yak is lightly wounded.
The yak gores you but does no damage.
It was a potion of magic.
Magic courses through your body. The yak gores you!
You die...

######.##........#.
.....#.#...........#
.###.#.#...?.....###
.#.........:........
..<..............#.#
###..............# .
......##...........
......##.....###########
.##.#.##.#..YYYY@.......
.##........#.###########
.##.#.##.#.#.#
.........#.#.#
#....#####.#.#
#.......##.#.#
#.......##.#.#
#.......#....#
#####...#..#


You could see 4 yaks.

Vanquished Creatures
  Pikel (D:5)
  Grinder (D:4)
  2 yaks
  Eustachio (D:4)
  An orc warrior (D:5)
  A black bear (D:5)
  2 phantoms
  3 lemures (D:5)
  5 hounds
  An orc priest (D:4)
  A jelly (D:5)
  2 iguanas (D:5)
  2 orc wizards
  8 adders
  A shadow imp (D:5)
  A white imp (D:5)
  An ufetubus (D:5)
  3 worms
  3 dart slugs (D:2)
  7 orcs
  7 ball pythons
  5 bats
  4 endoplasms
  A giant cockroach (D:3)
  9 goblins
  4 hobgoblins
  5 jackals
  2 quokkas (D:3)
  2 frilled lizards (D:1)
  6 kobolds
  6 rats
98 creatures vanquished.

Notes
Turn   | Place    | Note
-------+----------+-------------------------------------------
     0 | D:1      | horus123 the Hill Orc Fighter began the quest for the Orb.
     0 | D:1      | Reached XP level 1. HP: 19/19 MP: 1/1
   105 | D:1      | Reached XP level 2. HP: 22/27 MP: 2/2
   571 | D:1      | Found a faded altar of an unknown god.
   854 | D:2      | Reached skill level 5 in Fighting
   854 | D:2      | Reached XP level 3. HP: 36/36 MP: 3/3
  1074 | D:2      | Reached XP level 4. HP: 35/44 MP: 4/4
  2169 | D:4      | Reached XP level 5. HP: 47/50 MP: 5/5
  2317 | D:4      | Noticed Eustachio
  2453 | D:4      | Killed Eustachio
  2454 | D:4      | Reached XP level 6. HP: 21/57 MP: 6/6
  2761 | D:4      | Found a hide-covered altar of Uskayaw.
  2770 | D:4      | Became a worshipper of Uskayaw the Reveller
  2824 | D:4      | Noticed Grinder
  2825 | D:4      | Reached * piety under Uskayaw
  2828 | D:4      | Paralysed by Grinder for 4 turns
  2832 | D:4      | Reached ** piety under Uskayaw
  2834 | D:4      | Paralysed by Grinder for 4 turns
  2838 | D:4      | Reached *** piety under Uskayaw
  2841 | D:4      | Reached **** piety under Uskayaw
  2842 | D:4      | Reached skill level 4 in Armour
  2845 | D:4      | Killed Grinder
  2845 | D:4      | Reached ***** piety under Uskayaw
  2846 | D:4      | Reached skill level 5 in Armour
  2846 | D:4      | Reached XP level 7. HP: 29/63 MP: 7/7
  3085 | D:4      | Found a staircase to the Ecumenical Temple.
  3240 | D:5      | Entered Level 5 of the Dungeon
  3274 | D:5      | Reached skill level 6 in Armour
  3320 | D:5      | Noticed a yak
  3350 | D:5      | Killed a yak
  3356 | D:5      | Reached skill level 7 in Armour
  3505 | D:5      | Reached XP level 8. HP: 70/70 MP: 8/8
  3507 | D:5      | Noticed Pikel
  3520 | D:5      | Killed Pikel
  3521 | D:5      | Reached skill level 9 in Armour
  3828 | D:5      | Learned a level 1 spell: Sandblast
  3911 | D:5      | Found a white marble altar of Elyvilon.
  4429 | D:5      | Reached XP level 9. HP: 73/75 MP: 9/9
  4767 | D:6      | Slain by a yak

Illustrated notes

Levels and vault maps discovered:
D:1:      spicycebolla_arrival_clurvy, layout_loops_cross,
          shapermc_ecumenical_altar_acropolis
D:2:      layout_loops_ring
D:3:      layout_loops_ring, lightli_corner_chamber
D:4:      layout_cave_pools, nicolae_uskayaw_murder_on_the_dancefloor,
          minmay_temple_entry_fiery, minmay_misc_feat_tower,
          kennysheep_generic_room_13, uniq_grinder, uniq_eustachio
D:5:      minmay_chambers_of_fours, layout_cave_pools,
          mainiacjoe_overflow_alcove_4, uniq_pikel
D:6:      minmay_goblin_kobold_castle, layout_basic, uniq_menkaure,
          uniq_blork_the_orc, uniq_sigmund

Skill      XL: |  1  2  3  4  5  6  7  8  9 |
---------------+----------------------------+-----
Fighting       | 4 5 6 |  6.0
Axes           | 3 4 |  4.1
Shields        | 4 6 |  6.0
Armour         | 5 7 9 |  9.4
Earth Magic    | 3 4 |  4.8

Action                     |  1- 3 |  4- 6 |  7- 9 || total
---------------------------+-------+-------+-------++-------
  Melee: War axe           |   115 |   172 |   147 ||   434
 Invoke: Stomp             |       |       |     5 ||     5
    Use: Potion            |       |     3 |     1 ||     4
         Scroll            |       |       |    10 ||    10
   Stab: Paralysed         |       |     2 |     2 ||     4
 Armour: Scale mail        |    85 |    14 |       ||    99
         Chain mail        |       |   110 |    98 ||   208
  Dodge: Dodged            |    64 |    60 |    53 ||   177
  Block: Buckler           |    29 |     4 |       ||    33
         Kite shield       |       |    78 |    97 ||   175

Table legend: (Time is in decaauts)
 A = Elapsed time spent in this place.
 B = Non-inter-level travel time spent in this place.
 C = Inter-level travel time spent in this place.
 D = Time resting spent in this place.
 E = Time spent auto-exploring this place.
 F = Levels seen in this place.
 G = Mean time per level.
                   A        B        C        D        E       F      G
               +--------+--------+--------+--------+--------+-----+--------+
         Total |   4955 |   4862 |     93 |    979 |   2818 |   6 |  825.8 |
       Dungeon |   4955 |   4862 |     93 |    979 |   2818 |   6 |  825.8 |
               +--------+--------+--------+--------+--------+-----+--------+

Top non-repeatable levels by time:
     D:5: 1387 daAuts
     D:4: 1134 daAuts
     D:1: 781 daAuts
     D:2: 766 daAuts
     D:3: 682 daAuts
     D:6: 203 daAuts
